Map: Tours du crépuscule

Players

Plutonun - Winner!

  • Race: Protoss Protoss

Carpédiem

  • Race: Terran Terran

VOD

Have the link to the VOD?

Description

Time

  • Played on: Nov. 11, 2015, 9:41 a.m.
  • Length: 16:06
Show
View Real Time Build Order
Export as new Build Order

Plutonun Protoss - Winner!

Build Orders: Oracle Opening 

Get SALT Encoding   

  12  0:01  Probe (Chrono Boost)  
  13  0:11  Probe (Chrono Boost)  
  14  0:17  Pylon  
  14  0:22  Probe (Chrono Boost)  
  16  0:35  Probe (Chrono Boost)  
  16  0:38  Gateway  
  16  0:46  Probe (Chrono Boost)  
  16  0:48  Assimilator  
  17  0:54  Assimilator  
  17  0:56  Probe (Chrono Boost)  
  18  1:07  Probe (Chrono Boost)  
  19  1:19  Probe (Chrono Boost)  
  19  1:25  Cybernetics Core  
  20  1:34  Probe (Chrono Boost)  
  20  1:39  Pylon  
  21  1:44  Probe (Chrono Boost)  
  22  2:02  Mothership Core (Chrono Boost)  
  22  2:04  Stalker  
  25  2:15  Stargate  
  25  2:20  Probe (Chrono Boost)  
  26  2:24  Warp Gate  
  26  2:30  Probe (Chrono Boost)  
  26  2:31  Pylon  
  26  2:35  Stalker  
  29  2:43  Probe (Chrono Boost)  
  30  2:50  Pylon  
  30  2:53  Probe (Chrono Boost)  
  31  3:00  Oracle (Chrono Boost)  
  31  3:02  Pylon  
  31  3:05  Zealot  
  36  3:11  Probe  
  37  3:19  Pylon  
  37  3:27  Probe  
  37  3:33  Robotics Facility  
  38  3:41  Probe  
  39  4:14  Nexus  
  39  4:18  Pylon  
  39  4:30  Probe  
  40  4:31  Observer  
  41  4:42  Gateway  
  41  4:45  Gateway  
  41  4:46  Sentry  
  41  4:47  Gateway  
  41  4:49  Pylon  
  43  4:54  Pylon  
  43  5:15  Probe  
  43  5:18  Sentry  
  43  5:19  Warp Prism  
  48  5:26  Twilight Council  
  48  5:27  Probe  
  48  5:28  Probe  
  49  5:35  Assimilator  
  50  5:38  Probe  
  50  5:39  Probe  
  50  5:40  Assimilator  
  52  5:44  Sentry  
  52  5:46  Sentry  
  52  5:47  Stalker  
  52  5:49  Sentry, Probe  
  60  5:51  Probe  
  60  5:56  Observer  
  63  6:08  Probe  
  63  6:09  Probe  
  65  6:19  Probe  
  65  6:21  Probe  
  65  6:23  Robotics Bay  
  67  6:33  Immortal  
  71  7:04  Probe  
  71  7:06  Probe  
  71  7:08  Stalker x3  
  79  7:10  Blink (Chrono Boost)  
  79  7:14  Probe  
  83  7:17  Disruptor  
  83  7:18  Probe  
  83  7:21  Zealot  
  86  7:37  Probe  
  86  7:39  Nexus  
  86  7:41  Pylon  
  86  7:43  Pylon  
  87  7:48  Probe, Pylon  
  87  7:49  Forge  
  87  7:51  Pylon  
  88  7:52  Pylon, Warp Prism  
  65  8:15  Stalker x4  
  62  8:54  Templar Archives, Probe  
  62  8:55  Probe  
  62  8:56  Probe  
  62  8:57  Pylon  
  62  8:59  Pylon  
  65  9:05  Probe, Charge (Chrono Boost)  
  65  9:07  Probe  
  65  9:08  Probe  
  68  9:31  Probe  
  68  9:38  Assimilator  
  69  9:40  Photon Cannon  
  69  9:43  Assimilator  
  69  9:44  Photon Cannon  
  69  9:46  Photon Cannon  
  69  9:55  Probe  
  69  9:59  Probe  
  70  10:00  Probe  
  70  10:02  Protoss Ground Weapons Level 1  
  70  10:04  Stalker  
  70  10:05  Stalker, Probe, Zealot  
  70  10:06  Psionic Storm, Zealot  
  81  10:17  Gateway  
  81  10:19  Gateway  
  81  10:21  Gateway  
  81  10:23  Gateway  
  81  10:27  Gateway  
  81  10:29  Gateway, Zealot x4  
  89  10:52  Probe  
  89  10:56  Stalker  
  92  10:57  High Templar  
  92  10:58  High Templar x2  
  98  11:11  Immortal (Chrono Boost)  
  102  11:34  High Templar x3  
  102  11:35  High Templar x3  
  102  11:36  High Templar x2  
  115  11:51  Immortal (Chrono Boost), Protoss Ground Weapons Level 2  
  119  12:00  Zealot x2  
  123  12:06  Pylon  
  123  12:07  Pylon  
  123  12:09  Pylon  
  123  12:11  Forge  
  123  12:12  Photon Cannon  
  123  12:13  Photon Cannon  
  123  12:15  Photon Cannon  
  123  12:20  Zealot x3  
  123  12:21  Zealot x4  
  123  12:22  Zealot x2  
  139  12:23  Zealot  
  131  12:54  Void Ray  
  123  13:02  Protoss Ground Armor Level 1  
  123  13:04  Immortal (Chrono Boost)  
  127  13:07  High Templar x2  
  127  13:08  High Templar  
  127  13:11  High Templar x2  
  127  13:12  High Templar  
  139  13:13  Zealot x2  
  139  13:14  Zealot x2  
  139  13:19  Archon x2  
  147  13:20  Archon  
  147  13:36  Nexus  
  147  13:37  Pylon, Void Ray  
  147  13:39  Pylon  
  151  13:43  Immortal (Chrono Boost), Pylon  
  151  13:45  Probe, Pylon  
  156  13:54  Assimilator  
  156  14:00  Photon Cannon  
  156  14:01  Photon Cannon  
  156  14:04  Photon Cannon  
  156  14:07  Photon Cannon  
  156  14:12  Assimilator  
  160  14:17  Immortal (Chrono Boost), Dark Shrine  
  160  14:20  Void Ray  
  164  14:28  High Templar x4  
  164  14:29  High Templar  
  164  14:30  High Templar  
  164  14:31  Zealot x4  
  180  14:34  Archon x2  
  180  14:35  Archon  
  184  15:02  Oracle  
  187  15:18  Stalker  
  187  15:19  Stalker x3  
  187  15:20  Stalker  
  197  15:22  Zealot  
Show
View Real Time Build Order
Export as new Build Order

Carpédiem Terran 

Build Orders:  

Get SALT Encoding   

  12  0:02  SCV  
  13  0:15  SCV  
  13  0:18  Supply Depot  
  14  0:28  SCV  
  15  0:29  Refinery  
  15  0:40  SCV  
  16  0:45  Barracks  
  16  0:53  SCV  
  17  1:06  Barracks  
  17  1:07  SCV  
  18  1:23  SCV  
  19  1:33  Marine  
  19  1:37  Orbital Command  
  20  1:46  Supply Depot  
  20  1:51  Marine  
  21  1:58  Factory  
  21  2:14  SCV  
  21  2:15  Refinery  
  22  2:17  Barracks Tech Lab  
  22  2:24  Barracks Reactor  
  22  2:30  SCV  
  22  2:31  Supply Depot  
  23  2:40  Marauder  
  23  2:43  SCV  
  26  2:47  Factory Tech Lab  
  26  2:49  Concussive Shells  
  26  2:55  SCV  
  27  3:00  Supply Depot  
  27  3:03  Marine x2  
  27  3:04  Marauder  
  31  3:16  Starport  
  31  3:26  Marauder  
  33  3:27  SCV  
  33  3:34  Marine x2  
  34  3:39  Widow Mine  
  34  3:41  SCV  
  39  3:50  Supply Depot  
  39  3:56  SCV  
  39  4:01  Marine x2  
  32  4:37  SCV  
  33  4:49  SCV  
  34  4:59  Marine x2  
  34  5:01  SCV  
  34  5:02  Marauder  
  34  5:03  Siege Tank  
  34  5:04  Starport Reactor  
  42  5:14  SCV  
  43  5:15  Engineering Bay  
  43  5:21  Marine x2  
  44  5:26  SCV, Marauder  
  48  5:31  Combat Shields  
  48  5:41  Viking  
  50  5:44  Viking  
  50  5:47  SCV  
  53  5:59  SCV  
  54  6:15  Command Center  
  54  6:19  SCV  
  55  6:38  Command Center  
  55  6:43  SCV  
  55  6:44  Marine  
  54  6:55  SCV  
  54  6:57  Marine  
  54  6:58  Marine  
  53  7:02  Marine  
  54  7:15  Marine  
  54  7:22  Supply Depot  
  55  7:23  Terran Infantry Weapons Level 1  
  55  7:43  Medivac, Siege Tank, Marine x3  
  55  7:44  Supply Depot  
  41  8:33  Marine x3  
  41  8:35  Siege Tank  
  41  8:41  Orbital Command  
  37  8:43  SCV  
  38  8:51  Marauder  
  38  8:55  SCV  
  41  9:06  Reaper, Marine  
  41  9:07  SCV  
  44  9:13  Marauder  
  44  9:16  Refinery  
  44  9:18  Refinery  
  44  9:19  SCV  
  42  9:24  Missile Turret  
  42  9:28  Missile Turret  
  39  9:31  SCV  
  40  9:52  Marine x3  
  43  9:54  Siege Tank  
  43  9:59  SCV x2  
  48  10:11  SCV x2, Marauder  
  52  10:23  SCV x2  
  54  10:32  Marine x2, Marauder  
  54  10:34  Siege Tank  
  61  10:37  Medivac  
  59  10:53  Missile Turret  
  59  11:00  Marine x2  
  59  11:02  Marauder  
  63  11:04  Medivac  
  64  11:18  Marine x2  
  64  11:23  Marauder  
  64  11:24  Missile Turret  
  67  11:42  Marine x2  
  69  11:54  SCV  
  69  11:55  SCV  
  71  12:07  SCV x2  
  73  12:19  SCV x2  
  75  12:24  Marine  
  75  12:28  Refinery  
  76  12:31  SCV x2  
  76  12:35  Orbital Command  
  78  12:38  Marine  
  78  12:40  Marauder  
  78  12:41  Refinery  
  78  12:43  SCV x2  
  82  12:53  Terran Infantry Armor Level 1  
  81  13:04  Marine x2  
  85  13:05  Marauder  
  85  13:06  Siege Tank  
  85  13:08  SCV x2, Medivac x2  
  85  13:09  SCV  
  95  13:20  SCV  
  95  13:21  SCV x2  
  95  13:22  Marine  
  101  13:27  Marauder  
  101  14:16  Barracks  
  101  14:17  Barracks  
  101  14:20  Factory  
  101  14:21  Barracks  
  101  14:29  Supply Depot  
  101  14:30  Supply Depot x2  
  101  14:31  Supply Depot  
  101  14:32  Supply Depot  
  101  14:50  Marine x2  
  101  14:51  SCV x3, Marauder  
  108  14:54  Armory  
  108  15:00  Engineering Bay  
  108  15:02  Hi-Sec Auto Tracking  
  108  15:03  SCV x3  
  108  15:05  Barracks Tech Lab  
  108  15:06  Barracks Tech Lab  
  111  15:08  Marine x2  
  111  15:09  Barracks Reactor  
  111  15:12  Marine  
  114  15:14  Factory Reactor  
  114  15:15  SCV x3  
  114  15:17  Medivac  
  119  15:26  Marine x2  
  119  15:27  Armory  
  121  15:30  Marauder  
  123  15:44  Marine  
  123  15:48  Command Center  
Tags
 
Add a new tag
Caveats
  • Supply blocks, unpowered buildings, or Contaminate may cause inaccurate times.
  • Supply counts are checked every 10 seconds.